[Event "*** SCC Grand Prix: Titled Tuesday Blitz"]
[Site "Chess.com"]
[Date "2020.08.25"]
[Round "4"]
[White "DishonorOnYourCow"]
[Black "alexrustemov"]
[Result "1-0"]
[WhiteElo "2352"]
[BlackElo "2632"]
[TimeControl "180+1"]
[EndTime "10:39:44 PDT"]
[Termination "DishonorOnYourCow won by resignation"]

1. d4 d5 2. c4 c6 3. Nf3 Nf6 4. e3 Bf5 5. Nc3 e6 6. Nh4 Bg6 7. Be2 Nbd7 8. O-O Bd6 9. Nxg6 hxg6 10. g3 Qe7 11. cxd5 exd5 12. Bf3 Ne4 13. Bg2 f5 14. Qc2 Qg5 15. Nxe4 fxe4 16. f4 exf3 17. Bxf3 Nf6 18. e4 Rxh2 19. Qxh2 Qxg3+ 20. Qxg3 Bxg3 21. e5 Nd7 22. Kg2 Bh4 23. Rh1 Be7 24. Rh8+ Nf8 25. Bf4 g5 26. Bg3 Kf7 27. Rf1 g6 28. Bxd5+ Kg7 29.
Rg8+ 1-0

[Event "*** SCC Grand Prix: Titled Tuesday Blitz"]
[Site "Chess.com"]
[Date "2020.08.25"]
[Round "4"]
[White "WinstonSilvakov"]
[Black "monalize"]
[Result "0-1"]
[WhiteElo "2100"]
[BlackElo "2279"]
[TimeControl "180+1"]
[EndTime "10:39:45 PDT"]
[Termination "monalize won by resignation"]

1. d4 Nf6 2. e3 g6 3. Bd3 Bg7 4. h4 h5 5. c4 d6 6. Qc2 c5 7. Nf3 Nc6 8. a3 Bg4 9. Ng5 Kf8 10. f3 Bd7 11. d5 Ne5 12. Be2 a6 13. Nc3 Rb8 14. O-O b5 15. cxb5 axb5 16. f4 Neg4 17. f5 Bxf5 18. Rxf5 gxf5 19. Qxf5 Qd7 20. Qf1 b4 21.
axb4 cxb4 22. Bb5 Qc7 23. Nce4 Kg8 24. Nxf7 Kxf7 25. Ng5+ Kg8 26. Qf5 Qc8 27. Qg6 Ne5 28.
Ba6 Nxg6 0-1

[Event "*** SCC Grand Prix: Titled Tuesday Blitz"]
[Site "Chess.com"]
[Date "2020.08.25"]
[Round "4"]
[White "EnergeticHay"]
[Black "eCztery"]
[Result "0-1"]
[WhiteElo "2197"]
[BlackElo "2418"]
[TimeControl "180+1"]
[EndTime "10:39:46 PDT"]
[Termination "eCztery won by resignation"]

1. e4 c5 2. b4 cxb4 3. a3 bxa3 4. Bxa3 g6 5. Bb2 Nf6 6. e5 Nd5 7. e6 Nf6 8. exf7+ Kxf7 9. Bc4+ d5 10. Bb3 Bg7 11. Nf3 Nc6 12. O-O Rf8 13. c4 e6 14. cxd5 exd5 15. Ne5+ Nxe5 16. Bxe5 Be6 17. Nc3 Kg8 18. Nb5 Ne4 19. Bxg7 Kxg7 20. d3 Nd6 21. Nd4 Qf6 22. Nxe6+ Qxe6 23. Ra5 b5 24. Qa1+ Rf6 25. Rxa7+ Rxa7 26. Qxa7+ Nf7 27. Qc5 Ne5 28. Bxd5 Qf5 29. Be4 Nf3+ 30. Bxf3 Qxc5 0-1

[Event "*** SCC Grand Prix: Titled Tuesday Blitz"]
[Site "Chess.com"]
[Date "2020.08.25"]
[Round "4"]
[White "cassoulet"]
[Black "Chess_Boxer123"]
[Result "1/2-1/2"]
[WhiteElo "2705"]
[BlackElo "2533"]
[TimeControl "180+1"]
[EndTime "10:39:47 PDT"]
[Termination "Game drawn by repetition"]

1. d4 d5 2. c4 c6 3. cxd5 cxd5 4. Bf4 Nc6 5. e3 a6 6. Nc3 Nf6 7. Bd3 Bg4 8. Nge2 e6 9. h3 Bh5 10. O-O Bd6 11. Qd2 O-O 12. Rac1 Rc8 13. Bb1 Bg6 14.
Na4 Bxb1 15. Rxb1 Bxf4 16. Nxf4 Nd7 17. Nd3 Qa5 18. Qxa5 Nxa5 19. Rfc1 b6 20. b3 Nc6 21. Rc3 Na7 22. Rbc1 Rxc3 23. Rxc3 Rc8 24. Rxc8+ Nxc8 25. Nb4 a5 26. Nc6 Kf8 27. Kf1 Ne7 28. Na7 Ke8 29. Ke2 Kd8 30. Nb5 Nc8 31. g4 g5 32.
Kd3 Nb8 33. f3 Nc6 34. a3 Kd7 35. e4 N6e7 36. Nbc3 Kc6 37. b4 axb4 38. axb4 b5 39. Nc5 Nd6 40. exd5+ Nxd5 41. Nxd5 Kxd5 42. Ne4 Nxe4 43.
fxe4+ Kd6 44. Ke3 e5 45. d5 f6 46. Kf3 h6 47. Ke3 Kd7 48. Kf3 Kd6 49. Ke3 Kd7 50. Kf3 Kd6 1/2-1/2

[Event "*** SCC Grand Prix: Titled Tuesday Blitz"]
[Site "Chess.com"]
[Date "2020.08.25"]
[Round "4"]
[White "dforcen"]
[Black "londonkid"]
[Result "1-0"]
[WhiteElo "2627"]
[BlackElo "2450"]
[TimeControl "180+1"]
[EndTime "10:39:49 PDT"]
[Termination "dforcen won by resignation"]

1. c4 e5 2. Nc3 Nc6 3. Nf3 Nf6 4. e4 Bb4 5. d3 O-O 6. a3 Bxc3+ 7. bxc3 d6 8. Be2 Bg4 9. O-O h6 10. h3 Be6 11. Ne1 Ne7 12. f4 exf4 13. Bxf4 Ng6 14. Be3 c6 15. Nf3 d5 16. cxd5 cxd5 17. e5 Nh5 18.
Rf2 Nhf4 19. Bf1 Nh5 20. d4 Ng3 21. Bd3 Ne4 22. Bxe4 dxe4 23. Nd2 Rc8 24. Rc1 b5 25.
Nxe4 Qh4 26. Nd6 Rcd8 27. Qf3 f5 28. Rcf1 f4 29. Bd2 Qg5 30. Kh2 Nh4 31. Qd3 Bd5 32.
g3 fxg3+ 33. Qxg3 Rxf2+ 34. Rxf2 Nf3+ 35. Qxf3 Qxd2 36. Qxd5+ 1-0

[Event "*** SCC Grand Prix: Titled Tuesday Blitz"]
[Site "Chess.com"]
[Date "2020.08.25"]
[Round "4"]
[White "Keures"]
[Black "NMZanette"]
[Result "1/2-1/2"]
[WhiteElo "2288"]
[BlackElo "2115"]
[TimeControl "180+1"]
[EndTime "10:39:49 PDT"]
[Termination "Game drawn by agreement"]

1. d4 f5 2. e4 fxe4 3. Nc3 Nf6 4. Bg5 c6 5. Bxf6 exf6 6. Nxe4 d5 7. Ng3 Qb6 8. Qe2+ Kf7 9. O-O-O Bd6 10. Nf3 Re8 11.
Qd2 Qc7 12. Kb1 b5 13. c3 Bf4 14. Qc2 g6 15. Bd3 Nd7 16. Rhe1 Rxe1 17. Rxe1 Nf8 18. Ne2 Bd6 19. h4 Bg4 20. Nfg1 Bxe2 21. Qxe2 Qd7 22. h5 Re8 23. Qxe8+ Qxe8 24. Rxe8 Kxe8 25. hxg6 hxg6 26.
Nf3 g5 27. b3 Ne6 28. g3 Ng7 29. c4 dxc4 30. bxc4 bxc4 31. Bxc4 Ke7 32. Kc2 Nf5 33. Kd3 Nh6 34. Nh2 f5 35. Ba6 Kd7 36. Nf1 Ng4 37. Ne3 Nxf2+ 38. Ke2 Ne4 39. Nxf5 Nxg3+ 40. Nxg3 Bxg3 41.
Kf3 Bf4 42. Ke4 Kd6 43. Bb7 Bc1 44. Bc8 Bb2 45. Bg4 a5 46. a4 c5 47. dxc5+ Kxc5 48. Bd7 Kb4 49. Kf5 Bc1 50. Kg4 Kc3 51. Be8 Kd4 52.
Bd7 Ke5 53. Be8 Kf6 54. Bb5 Ba3 55. Ba6 Bb4 1/2-1/2

[Event "*** SCC Grand Prix: Titled Tuesday Blitz"]
[Site "Chess.com"]
[Date "2020.08.25"]
[Round "4"]
[White "milenapn"]
[Black "MattyDPerrine"]
[Result "0-1"]
[WhiteElo "1964"]
[BlackElo "2362"]
[TimeControl "180+1"]
[EndTime "10:39:51 PDT"]
[Termination "MattyDPerrine won by resignation"]

1. e4 c5 2. Nf3 e6 3. d4 cxd4 4.
Nxd4 Nf6 5. Nc3 Nc6 6. Bg5 Bb4 7.
Nxc6 bxc6 8. Qd4 c5 9. Qd3 h6 10. Be3 Bb7 11. e5 Ng4 12. f4 Qh4+ 13. g3 Qe7 14.
Rg1 c4 15. Qd2 Nxe3 16. Qxe3 Bc5 17. Qd2 Bxg1 18. Nb5 O-O 0-1

[Event "*** SCC Grand Prix: Titled Tuesday Blitz"]
[Site "Chess.com"]
[Date "2020.08.25"]
[Round "4"]
[White "MichailovM"]
[Black "okriak"]
[Result "0-1"]
[WhiteElo "2487"]
[BlackElo "2719"]
[TimeControl "180+1"]
[EndTime "10:39:52 PDT"]
[Termination "okriak won by resignation"]

1. e4 e6 2. d4 d5 3. Nc3 Bb4 4. e5 Ne7 5. a3 Bxc3+ 6. bxc3 c5 7. Nf3 h6 8. Bd3 b6 9. a4 Ba6 10. Ba3 Qc7 11. O-O Bxd3 12. cxd3 Nd7 13. a5 O-O 14.
dxc5 bxc5 15. d4 Nc6 16. a6 Rfb8 17. Re1 Rb6 18. Bxc5 Nxc5 19. dxc5 Rb5 20. c4 dxc4 21. Qd6 Rc8 22. Rac1 Na5 23. Nd2 Rxc5 24. Ne4 Rc6 25. Qxc7 R8xc7 26. Nd6 Rxa6 27. Rc3 Rc5 28. f4 Rb6 29. f5 Rb3 30. Rc2 exf5 31. Nxf5 Nc6 32. Nd6 Nxe5 33. Re4 c3 34. Ra2 c2 0-1

[Event "*** SCC Grand Prix: Titled Tuesday Blitz"]
[Site "Chess.com"]
[Date "2020.08.25"]
[Round "4"]
[White "Saxar85"]
[Black "GlennTipton"]
[Result "1-0"]
[WhiteElo "2767"]
[BlackElo "2431"]
[TimeControl "180+1"]
[EndTime "10:39:54 PDT"]
[Termination "Saxar85 won by resignation"]

1. Nf3 d5 2. g3 c6 3. Bg2 Nf6 4. O-O Bf5 5. d3 Nbd7 6. Nh4 Bg6 7. Nd2 e5 8. c4 Be7 9. Nxg6 hxg6 10. b4 Bxb4 11.
Rb1 Bxd2 12. Bxd2 O-O 13. cxd5 cxd5 14. Rxb7 Nc5 15. Rb5 Ne6 16. e3 a6 17. Rb1 Qd7 18. Qb3 Rfb8 19. Qa3 Rb5 20. Bc3 Rxb1 21. Rxb1 Qc7 22.
Qb2 d4 23. Bxa8 dxc3 24. Qb8+ Kh7 25. Qxc7 Nxc7 26. Bc6 Nfd5 27. Bxd5 Nxd5 28. a3 f5 29. e4 fxe4 30. dxe4 Nf6 31. f3 g5 32. g4 Nd7 33.
Rc1 Nc5 34. Rxc3 Ne6 35. Kf2 Nd4 36. Rc5 Nb5 37. a4 1-0

[Event "*** SCC Grand Prix: Titled Tuesday Blitz"]
[Site "Chess.com"]
[Date "2020.08.25"]
[Round "4"]
[White "sergiochess83"]
[Black "CHESSMASTER759"]
[Result "0-1"]
[WhiteElo "2828"]
[BlackElo "2531"]
[TimeControl "180+1"]
[EndTime "10:39:55 PDT"]
[Termination "CHESSMASTER759 won on time"]

1. e4 d6 2. d4 Nf6 3. Nc3 e5 4. Nf3 Nbd7 5. g4 g6 6. Rg1 Bg7 7. Be3 O-O 8. g5 Nh5 9. Qd2 c6 10. O-O-O b5 11. dxe5 b4 12. Nb1 dxe5 13. Qxb4 Re8 14.
Bc4 Bf8 15. Qd2 Rb8 16. Bb3 Qc7 17. Qc3 a5 18. Nbd2 Nf4 19. Bxf4 exf4 20. a3 Bg7 21. Qc4 Nb6 22. Qc5 a4 23. Ba2 Be6 24. Bxe6 Rxe6 25. Nc4 Nxc4 26. Qxc4 Bxb2+ 27. Kd2 Rbe8 28. Rge1 Qd8+ 0-1

[Event "*** SCC Grand Prix: Titled Tuesday Blitz"]
[Site "Chess.com"]
[Date "2020.08.25"]
[Round "4"]
[White "Noam_Vitenberg"]
[Black "GaboSalazar2001"]
[Result "1-0"]
[WhiteElo "2507"]
[BlackElo "2282"]
[TimeControl "180+1"]
[EndTime "10:39:55 PDT"]
[Termination "Noam_Vitenberg won by resignation"]

1. d4 Nf6 2. c4 c5 3. d5 b5 4.
cxb5 a6 5. e3 g6 6. Nc3 Bg7 7. Nf3 O-O 8. e4 Qa5 9. Bd2 d6 10. a4 axb5 11. Bxb5 Na6 12. O-O Nc7 13.
Bc6 Rb8 14. Nb5 Qb6 15. a5 Qxc6 16. dxc6 Rxb5 17. Bc3 Be6 18. e5 Nfd5 19. exd6 exd6 20. Bxg7 Kxg7 21. Qe2 Rfb8 22. Ng5 Rxb2 23. Nxe6+ fxe6 24. Qg4 R8b4 25. Qg3 Nf4 26. Kh1 h6 27. Rfd1 R2b3 28.
Qg4 Nh3 29. Qe2 Rb2 30. Rd2 Rb1+ 31. Rd1 R1b2 32. Qxb2+ Rxb2 33. gxh3 d5 34. Rdb1 Rxf2 35. Rb6 Kf6 36. a6 d4 37. a7 d3 38. Rb7 d2 39.
Rxc7 Re2 40. Rd7 Re1+ 41. Kg2 Rxa1 42. c7 Rxa7 43. c8=Q Rxd7 44. Qxd7 c4 45. Qxd2 1-0

[Event "*** SCC Grand Prix: Titled Tuesday Blitz"]
[Site "Chess.com"]
[Date "2020.08.25"]
[Round "4"]
[White "ZenBull"]
[Black "Karina_Ivanova"]
[Result "1-0"]
[WhiteElo "2122"]
[BlackElo "2249"]
[TimeControl "180+1"]
[EndTime "10:39:55 PDT"]
[Termination "ZenBull won by checkmate"]

1. Nf3 Nf6 2. c4 c5 3. Nc3 e6 4. g3 b6 5. Bg2 Bb7 6. O-O Be7 7. d4 cxd4 8. Qxd4 Nc6 9. Qf4 Qb8 10. Rd1 O-O 11.
Qxb8 Raxb8 12. Bf4 Rbc8 13. Bd6 Rfd8 14. b3 Bxd6 15.
Rxd6 Ne7 16. Rad1 Nf5 17. R6d2 d5 18. Ne5 Ba8 19. e4 Ne7 20. exd5 exd5 21. Nxd5 Nexd5 22. Bxd5 Nxd5 23. cxd5 f6 24. Nc4 Rd7 25. Ne3 Rcd8 26. f4 g5 27. f5 Re7 28. Kf2 Kf7 29. g4 Red7 30. Kf3 Ke7 31. Rd3 Rc8 32. R1d2 Rc1 33. Kf2 b5 34. Re2 Kd6 35. Nc2 a6 36. Nb4 a5 37. Re6+ Kc5 38. Na6# 1-0

[Event "*** SCC Grand Prix: Titled Tuesday Blitz"]
[Site "Chess.com"]
[Date "2020.08.25"]
[Round "4"]
[White "DrMamaliga"]
[Black "WonderChampion"]
[Result "1-0"]
[WhiteElo "2221"]
[BlackElo "1971"]
[TimeControl "180+1"]
[EndTime "10:39:55 PDT"]
[Termination "DrMamaliga won by checkmate"]

1. c4 e6 2. Nf3 d5 3. b3 Nf6 4.
g3 c5 5. Bg2 Nc6 6. O-O Bd6 7. e3 O-O 8. Bb2 Qe7 9. Nc3 Bd7 10.
cxd5 exd5 11. d4 cxd4 12. Nxd4 Nxd4 13. Qxd4 Be6 14. Nxd5 Bxd5 15. Bxd5 Rfd8 16. e4 Re8 17. Rae1 Rac8 18. e5 Bc5 19. Qd3 Nxd5 20. Qxd5 Rcd8 21.
Qc4 b6 22. Qc3 Qe6 23. Rd1 Rxd1 24. Rxd1 Qf5 25. Rd2 Qe6 26. Qd3 g6 27. Qd7 Kg7 28. Qxe6 Rxe6 29. Kg2 Bb4 30. Rd7 Bc5 31. f4 h6 32. g4 Kf8 33. f5 gxf5 34. gxf5 Rc6 35. f6 Kg8 36. a3 Be3 37. Kf3 Bg5 38. Bd4 Rc2 39. Rd8+ Kh7 40. e6 fxe6 41. f7 Bxd8 42. f8=Q Bh4 43. Qg7# 1-0

[Event "*** SCC Grand Prix: Titled Tuesday Blitz"]
[Site "Chess.com"]
[Date "2020.08.25"]
[Round "4"]
[White "Alexander_Zubov"]
[Black "Dedic8"]
[Result "1-0"]
[WhiteElo "2952"]
[BlackElo "2743"]
[TimeControl "180+1"]
[EndTime "10:39:56 PDT"]
[Termination "Alexander_Zubov won by resignation"]

1. d4 Nf6 2. Nf3 g6 3. c4 Bg7 4. Nc3 d5 5. e3 O-O 6. Qb3 e6 7. Be2 b6 8. cxd5 exd5 9. Qa3 Nbd7 10. b4 c6 11. Qb3 Bb7 12. a4 a5 13. bxa5 Rxa5 14.
O-O Re8 15. Ba3 Ne4 16. Nxe4 dxe4 17. Nd2 Ba6 18. Bxa6 Rxa6 19. Nc4 c5 20. Rac1 Qa8 21. Qb5 Rd8 22. dxc5 Nxc5 23. Nxb6 Rxb6 24. Qxb6 Nd3 25. Rc4 Qd5 26. Qc6 Qxc6 27. Rxc6 Ra8 28. a5 Be5 29. a6 Kg7 30. Rb1 1-0

[Event "*** SCC Grand Prix: Titled Tuesday Blitz"]
[Site "Chess.com"]
[Date "2020.08.25"]
[Round "4"]
[White "wannabe2700"]
[Black "GigaQuparadze"]
[Result "0-1"]
[WhiteElo "2638"]
[BlackElo "2825"]
[TimeControl "180+1"]
[EndTime "10:39:57 PDT"]
[Termination "GigaQuparadze won by resignation"]

1. e4 c5 2. d4 cxd4 3. Nf3 e6 4.
Nxd4 a6 5. Bd3 Nf6 6. O-O Qc7 7. Qe2 d6 8. c4 g6 9. Nc3 Bg7 10. Be3 O-O 11. f4 e5 12. Nf3 Nc6 13. Rac1 exf4 14. Bxf4 Nh5 15. Be3 Bg4 16. Nd5 Qd8 17. Bb6 Qd7 18.
Qf2 Bxf3 19. gxf3 Rae8 20. f4 Nf6 21. Rfe1 Ng4 22. Qg3 Bxb2 23. Rc2 Bg7 24. Rg2 Nf6 25. Nxf6+ Bxf6 26. f5 Ne5 27. Be2 Qc6 28. Be3 Qxe4 29.
Bh6 Bh4 30. Qh3 Bxe1 31. Bxf8 Rxf8 32. f6 Qf4 33. Kh1 Qxf6 34. Rg1 Bh4 35. Rf1 Qg5 36. Rg1 Qd2 37. Qxh4 Qxe2 38. Rg3 Qf1+ 39. Rg1 Qxg1+ 40.
Kxg1 Nf3+ 41. Kf2 Nxh4 0-1

[Event "*** SCC Grand Prix: Titled Tuesday Blitz"]
[Site "Chess.com"]
[Date "2020.08.25"]
[Round "4"]
[White "Korchmar_Vasiliy"]
[Black "MashaFromRussia"]
[Result "1-0"]
[WhiteElo "2601"]
[BlackElo "2415"]
[TimeControl "180+1"]
[EndTime "10:39:57 PDT"]
[Termination "Korchmar_Vasiliy won by resignation"]

1. d4 Nf6 2. Nf3 g6 3. Bg5 Bg7 4. Nbd2 d5 5. e3 O-O 6. Be2 c5 7. c3 b6 8. O-O Nc6 9. Ne5 Bb7 10. f4 Ne4 11. Nxe4 dxe4 12. Qa4 Qc7 13. Bb5 Nxe5 14. fxe5 f6 15. exf6 exf6 16. Bf4 Qe7 17. Rad1 g5 18. Bg3 f5 19. dxc5 Qxc5 20. Qc4+ Qxc4 21.
Bxc4+ Kh8 22. Rd7 Bc6 23. Rc7 Rac8 24. Rxc8 Rxc8 25. Rxf5 Rd8 26. h3 Rd1+ 27. Kh2 Rd2 28. Rxg5 Rxb2 29. Be5 1-0

[Event "*** SCC Grand Prix: Titled Tuesday Blitz"]
[Site "Chess.com"]
[Date "2020.08.25"]
[Round "4"]
[White "mishanick"]
[Black "bascheyaro"]
[Result "0-1"]
[WhiteElo "2962"]
[BlackElo "2764"]
[TimeControl "180+1"]
[EndTime "10:39:58 PDT"]
[Termination "bascheyaro won by resignation"]

1. d4 d5 2. c4 c6 3. Nf3 Bf5 4. Qb3 Qb6 5. cxd5 Bxb1 6. Rxb1 Qxb3 7. axb3 cxd5 8. e3 Nc6 9. Bd2 e6 10. Bb5 Bd6 11. Ke2 Ne7 12. Rhc1 a6 13. Ra1 Kd7 14. Bd3 f5 15. Bc3 h6 16. Ne1 g5 17. h3 g4 18. hxg4 fxg4 19. g3 h5 20. Ng2 Raf8 21.
Rh1 Nf5 22. Raf1 Nce7 23. Be1 Rc8 24. Rfg1 Ng6 25. Bc3 Rcf8 26. b4 b5 27. Ra1 Ra8 28. e4 Nfe7 29. e5 Bc7 30. Rh2 h4 31. Nxh4 Nxh4 32. gxh4 Nf5 33. h5 g3 34. Rh3 gxf2 35. Bxf5 exf5 36. Rg1 fxg1=Q 0-1

[Event "*** SCC Grand Prix: Titled Tuesday Blitz"]
[Site "Chess.com"]
[Date "2020.08.25"]
[Round "4"]
[White "Chernobay_Artem"]
[Black "Tactictic"]
[Result "1-0"]
[WhiteElo "2570"]
[BlackElo "2364"]
[TimeControl "180+1"]
[EndTime "10:39:59 PDT"]
[Termination "Chernobay_Artem won by resignation"]

1. d4 Nf6 2. c4 e6 3. Nc3 d5 4. cxd5 exd5 5. Bg5 c6 6. e3 Be7 7. Bd3 Nbd7 8. Qc2 Nh5 9. Bxe7 Qxe7 10. Nge2 Nb6 11.
O-O Nf6 12. a4 a5 13. Rae1 O-O 14. Qd2 Bd7 15. f3 Rae8 16. e4 dxe4 17. fxe4 c5 18.
e5 Nfd5 19. Nxd5 Nxd5 20. Bc4 Nb6 21. Bb5 Nxa4 22. Bxa4 Bxa4 23. Nc3 Bd7 24. d5 b5 25. d6 Qe6 26. Nd5 Rb8 27. Rf3 Bc6 28. Ne7+ Kh8 29. Nxc6 Rb6 30. d7 h5 31. d8=Q Rxd8 32.
Qxd8+ Kh7 33. Qxb6 Qc4 34. Qd8 Qc2 35. Ref1 Qd3 36. Qxd3+ g6 37. e6 1-0

[Event "*** SCC Grand Prix: Titled Tuesday Blitz"]
[Site "Chess.com"]
[Date "2020.08.25"]
[Round "4"]
[White "ftorodent"]
[Black "aNaartjieZA"]
[Result "1-0"]
[WhiteElo "2690"]
[BlackElo "2474"]
[TimeControl "180+1"]
[EndTime "10:40:00 PDT"]
[Termination "ftorodent won by resignation"]

1. d4 Nf6 2. c4 c5 3. d5 e5 4. Nc3 d6 5. e4 Nbd7 6. Bd3 Be7 7. h3 h5 8. Be3 h4 9. Qd2 Nh5 10. Nge2 a6 11. a4 g6 12. a5 Rb8 13. Bc2 b5 14.
axb6 Nxb6 15. b3 f5 16. f4 Bf6 17. exf5 gxf5 18. fxe5 Bxe5 19. O-O Qf6 20. Rae1 Rb7 21.
Ne4 Qg6 22. Nxc5 Rg7 23. Nf4 Nxf4 24. Bxf4 Rhg8 25. Re2 Re7 26. Ne6 Bxe6 27. dxe6 Qxe6 28. Bxe5 dxe5 29. Bxf5 Qc6 30. Rd1 Kf7 31. Qe3 Qf6 32. Rf2 1-0

[Event "*** SCC Grand Prix: Titled Tuesday Blitz"]
[Site "Chess.com"]
[Date "2020.08.25"]
[Round "4"]
[White "Tssunami"]
[Black "Flawless_Fighter"]
[Result "0-1"]
[WhiteElo "2357"]
[BlackElo "2565"]
[TimeControl "180+1"]
[EndTime "10:40:00 PDT"]
[Termination "Flawless_Fighter won by checkmate"]

1. Nf3 Nf6 2. c4 g6 3. b3 Bg7 4. Bb2 O-O 5. d3 d6 6. Nbd2 e5 7. g3 Nc6 8. Bg2 Nd7 9. O-O f5 10. a3 a5 11. Qc2 h6 12. Bc3 g5 13. Qb2 g4 14. Ne1 Nc5 15. e3 Ne6 16. b4 axb4 17. axb4 Rxa1 18. Qxa1 f4 19. exf4 Ncd4 20. fxe5 Bxe5 21. Ne4 Ne2+ 22. Kh1 Nxc3 23. Nxc3 Qf6 24. Qd1 Bxc3 25. Qxg4+ Ng5 26. Qd1 Bxe1 27. Qxe1 Nf3 28. Qe3 Bg4 29. b5 b6 30. Rc1 Kg7 31. h3 Bh5 32. g4 Bg6 33. Rd1 Qe5 34. d4 Qh2# 0-1

[Event "*** SCC Grand Prix: Titled Tuesday Blitz"]
[Site "Chess.com"]
[Date "2020.08.25"]
[Round "4"]
[White "dennisodessa"]
[Black "CraiggoryC"]
[Result "1-0"]
[WhiteElo "2402"]
[BlackElo "2126"]
[TimeControl "180+1"]
[EndTime "10:40:01 PDT"]
[Termination "dennisodessa won by resignation"]

1. c4 Nf6 2. g3 g6 3. Bg2 Bg7 4. Nf3 O-O 5. O-O c5 6. Nc3 Nc6 7. d4 cxd4 8. Nxd4 Ne5 9. b3 d6 10. Bb2 a6 11. Qd2 Qc7 12. e4 Rb8 13. Rac1 b6 14.
f4 Ned7 15. Nd5 Nxd5 16. cxd5 Qb7 17. Nc6 Nc5 18. Bxg7 Kxg7 19. Nxb8 Qxb8 20. b4 Na4 21. Qd4+ f6 22. Rfe1 Bd7 23. e5 Bb5 24. exf6+ exf6 25. Re7+ Rf7 26. Rce1 Qc8 27. h4 Qc3 28. Qe4 Qxg3 29.
Rxf7+ Kxf7 30. Qe7+ Kg8 31. Qd8+ Kg7 32. Re7+ Kh6 33. Qf8+ Kh5 34. Qxf6 Nc3 35. Rxh7+ Kg4 36. Qxg6+ Kxf4 37. Rf7+ 1-0

[Event "*** SCC Grand Prix: Titled Tuesday Blitz"]
[Site "Chess.com"]
[Date "2020.08.25"]
[Round "4"]
[White "MartinCerveny"]
[Black "Region_07"]
[Result "1/2-1/2"]
[WhiteElo "2611"]
[BlackElo "2388"]
[TimeControl "180+1"]
[EndTime "10:40:03 PDT"]
[Termination "Game drawn by repetition"]

1. d4 f5 2. e4 fxe4 3. Nc3 Nf6 4. Bg5 g6 5. h4 Bg7 6. h5 Nxh5 7. Rxh5 gxh5 8.
Qxh5+ Kf8 9. Nxe4 Qe8 10. Qh4 Nc6 11. Nf3 d5 12. Nc5 e5 13. dxe5 Nxe5 14. O-O-O Nxf3 15. gxf3 Qe5 16. Nd3 Qd4 17. Qg3 Bf5 18. Be3 Qf6 19.
Qxc7 Bxd3 20. Bxd3 Qxb2+ 21. Kd2 Qb4+ 22. Ke2 Re8 23. Rg1 Qe7 24. Qf4+ Qf6 25. Qb4+ Qe7 26. Qf4+ Qf6 27. Qb4+ Qe7 28. Qf4+ 1/2-1/2

[Event "*** SCC Grand Prix: Titled Tuesday Blitz"]
[Site "Chess.com"]
[Date "2020.08.25"]
[Round "4"]
[White "Kopytkin"]
[Black "Fortitudine"]
[Result "1-0"]
[WhiteElo "2431"]
[BlackElo "2229"]
[TimeControl "180+1"]
[EndTime "10:40:03 PDT"]
[Termination "Kopytkin won by resignation"]

1. e4 c5 2. d4 cxd4 3. c3 d3 4. Bxd3 Nc6 5. Be3 g6 6. f4 d5 7. Nd2 Nh6 8. Ngf3 Ng4 9. Bg1 dxe4 10. Nxe4 Bg7 11. h3 Nh6 12. g4 O-O 13. Neg5 e5 14. f5 gxf5 15. gxf5 Bxf5 16. Bxf5 Nxf5 17. Bc5 Qxd1+ 18.
Rxd1 Rfe8 19. Ne4 Re6 20. Ke2 b6 21. Bf2 h6 22. Rd7 Rd8 23. Rhd1 Rxd7 24. Rxd7 Re7 25.
Rd1 Kh7 26. b4 Re6 27. a4 Nfe7 28. a5 Ng6 29. axb6 axb6 30. Bxb6 Nxb4 31. Neg5+ hxg5 32. Nxg5+ Kg8 33. Nxe6 Nc6 34. Nxg7 Kxg7 35. Be3 f5 36. Rd7+ Nge7 37. Bc5 Kf7 38. h4 Ke6 39. Rxe7+ Nxe7 40. Bxe7 Kxe7 41. c4 Kd6 42. h5 Ke6 43. c5 Kd5 44. h6 Kxc5 45. h7 1-0

[Event "*** SCC Grand Prix: Titled Tuesday Blitz"]
[Site "Chess.com"]
[Date "2020.08.25"]
[Round "4"]
[White "Terao90"]
[Black "StephenDedalus83"]
[Result "0-1"]
[WhiteElo "2343"]
[BlackElo "2732"]
[TimeControl "180+1"]
[EndTime "10:40:04 PDT"]
[Termination "StephenDedalus83 won by resignation"]

1. e4 c5 2. Nf3 Nc6 3. d4 cxd4 4. Nxd4 Qc7 5. Nc3 e6 6. g3 a6 7. Bg2 Nf6 8. O-O h5 9. h3 Bc5 10. Be3 Ne5 11. Kh1 d6 12. f4 Nc4 13. Bc1 Bd7 14. b3 Nb6 15. Bb2 Rc8 16. Qd3 e5 17. fxe5 dxe5 18.
Nf5 Bxf5 19. Rxf5 Ng4 20. Nd1 g6 21. Rf1 Nh6 22. Qd2 Rd8 23. Qg5 Bd4 24. c3 Bc5 25.
Nf2 Qe7 26. Qc1 f6 27. Qc2 O-O 28. Nd3 Ba3 29. Rad1 Bxb2 30. Nxb2 Nf7 31. b4 Ng5 32. a3 Ne6 33. Qf2 Nd7 34. Rd5 Nc7 35. Rd3 Kg7 36.
Nc4 Nb8 37. Rxd8 Rxd8 38. Ne3 Nd7 39. c4 Nf8 40. Nd5 Nxd5 41. c5 Nc3 0-1

[Event "*** SCC Grand Prix: Titled Tuesday Blitz"]
[Site "Chess.com"]
[Date "2020.08.25"]
[Round "4"]
[White "fabianvivasz"]
[Black "Steven_Rojas"]
[Result "1-0"]
[WhiteElo "2320"]
[BlackElo "2481"]
[TimeControl "180+1"]
[EndTime "10:40:04 PDT"]
[Termination "fabianvivasz won by checkmate"]

1. e4 e6 2. d4 d5 3. Nd2 dxe4 4.
Nxe4 Nd7 5. Nf3 Ngf6 6. Nxf6+ Nxf6 7. Ne5 c5 8. Bb5+ Nd7 9. O-O Be7 10. dxc5 Bxc5 11. Qf3 O-O 12. Bxd7 Bxd7 13. Rd1 Qa5 14. Nxd7 Rfd8 15. Bg5 Bxf2+ 16. Qxf2 Qxg5 17. Rd3 Rac8 18. Rf1 f6 19. Rg3 Rxd7 20. Rxg5 fxg5 21. Qxa7 h6 22.
c3 Rd2 23. Qxb7 Rcd8 24. h3 R8d7 25. Qc8+ Kh7 26. Rf8 Re7 27. Rh8+ Kg6 28. Re8 Rf7 29. Qxe6+ Rf6 30. Qe4+ Kf7 31. Re7+ Kf8 32. Rb7 Rff2 33. Qe7+ Kg8 34. Qxg7# 1-0

[Event "*** SCC Grand Prix: Titled Tuesday Blitz"]
[Site "Chess.com"]
[Date "2020.08.25"]
[Round "4"]
[White "sertalzin"]
[Black "politeplayer"]
[Result "0-1"]
[WhiteElo "1869"]
[BlackElo "2207"]
[TimeControl "180+1"]
[EndTime "10:40:04 PDT"]
[Termination "politeplayer won on time"]

1. d4 Nf6 2. c4 g6 3. Nc3 Bg7 4. e4 d6 5. f4 O-O 6. Nf3 c5 7.
d5 e6 8. Be2 exd5 9. cxd5 Bg4 10. O-O Bxf3 11. Bxf3 Nbd7 12. g4 c4 13. g5 Qb6+ 14.
Kg2 Ne8 15. Qe2 Rc8 16. Be3 Qa6 17. h4 b5 18. Qc2 b4 19. Ne2 Nc5 20. Bd4 b3 21. axb3 cxb3 22. Qxc5 Qxe2+ 23. Bxe2 dxc5 24. Bxg7 Nxg7 25. Rxa7 Rfe8 26. Bf3 c4 27. Rc1 Nh5 28. Bxh5 gxh5 29. Kf3 Rc5 30. d6 Rd8 31. e5 Rd5 32. Rxc4 Rd2 0-1

[Event "*** SCC Grand Prix: Titled Tuesday Blitz"]
[Site "Chess.com"]
[Date "2020.08.25"]
[Round "4"]
[White "Skatchkov_V"]
[Black "Bigfish1995"]
[Result "0-1"]
[WhiteElo "2678"]
[BlackElo "3061"]
[TimeControl "180+1"]
[EndTime "10:40:05 PDT"]
[Termination "Bigfish1995 won by resignation"]

1. d4 Nf6 2. c4 g6 3. Nf3 Bg7 4. g3 O-O 5. Bg2 c6 6. O-O d5 7. a4 dxc4 8. Na3 Be6 9. Ng5 Bd5 10. e4 h6 11. exd5 hxg5 12. dxc6 Nxc6 13. Bxg5 Nxd4 14.
Nxc4 Rc8 15. b3 Nd5 16. Rc1 Qd7 17. Bh6 Bxh6 18. Qxd4 Bxc1 19. Rxc1 Nb6 20. Qxd7 Nxd7 21. Bxb7 Rc7 22. Bf3 Rb8 23. Re1 Rxb3 24. Ne3 e6 25.
Rd1 Ne5 26. Be2 Kg7 27. h4 Ra3 28. Bb5 Ra2 29. Rd6 Rc1+ 30. Kg2 Rc3 31. Kg1 Nf3+ 32.
Kf1 Nd2+ 33. Ke1 Ne4 34. Nd1 Rc1 0-1